Devils vs Jets
(R2)
Created - March 17, 2018 at 07:46
Goals
|
Devils |
0 |
0 |
2 |
2 |
Jets |
1 |
2 |
2 |
5 |
|
Shots
|
Devils |
9 |
10 |
11 |
30 |
Jets |
14 |
12 |
11 |
37 |
|
1st period
1. Jets , Derek Stepan 25 (Alexander Frolov 26, Devin Setoguchi 29) at 0:49 (PP)
Penalties :
Matt Duchene (NJD) for Goalie Interference (Minor) at 0:12, Jordan Eberle (NJD) for Interference (Minor) at 8:30, Marco Scandella (Win) for Unsportsmanlike conduct (Minor) at 15:46
2nd period
2. Jets , Anton Volchenkov 2 (Derek Roy 55, Dustin Brown 34) at 1:38
3. Jets , Derek Roy 30 (Benoit Pouliot 45, Justin Falk 3) at 16:28
Penalties :
Benoit Pouliot (Win) for Tripping (Minor) at 4:07, Shea Weber (Win) for Hooking (Minor) at 10:33, Dmitry Kulikov (NJD) for Roughing (Minor) at 10:45, Chris Kreider (NJD) for Tripping (Minor) at 16:42
3rd period
4. Devils , Erik Christensen 11 (Martin St. Louis 19) at 2:49
5. Jets , Derek Roy 31 (Benoit Pouliot 46) at 3:02
6. Jets , Eric Gelinas 1 (Dustin Brown 35) at 5:51 (PP)
7. Devils , Chris Kreider 33 (Jordan Eberle 31, Matt Duchene 53) at 14:16 (PP)
Penalties :
Chris Kreider (NJD) for Close Hand On Puck (Minor) at 4:42, Mikko Koivu (NJD) for Roughing (Minor) at 6:38, Tyler Myers (Win) for Hooking (Minor) at 10:48, Tyler Myers (Win) for Cross-checking (Minor) at 13:27, Tyler Cuma (NJD) for Hooking (Minor) at 16:28, Marco Scandella (Win) for Interference (Minor) at 17:06
Goalie Stats
James Reimer (NJD), 32 saves from 37 shots - (0.865), L, 21-14-2, 60:00 minutes
Kari Lehtonen (Win), 28 saves from 30 shots - (0.933), W, 25-11-2, 60:00 minutes
Players Stats for Devils
Player Name G A P +/- PIM S H SB GA TA FO MP PP MP PK MP
------------------------------------------------------------------------------------
Anthony Stewart 0 0 0 0 0 0 0 0 0 0 0/0 6:19 0:14 0:00
Chris Kreider 1 0 1 -1 4 4 0 0 0 0 1/2 17:55 4:27 0:00
Darroll Powe 0 0 0 0 0 1 0 1 0 0 2/4 9:10 0:32 1:42
Dmitry Kulikov 0 0 0 0 2 2 2 0 0 0 0/0 17:37 4:56 0:00
Erik Christensen 1 0 1 0 0 1 1 0 0 0 4/7 13:26 0:00 1:54
Jordan Eberle 0 1 1 -1 2 5 4 0 2 1 1/2 21:48 4:09 1:13
Kellan Lain 0 0 0 0 0 1 2 0 0 0 0/0 14:04 0:00 1:36
Kurt Sauer 0 0 0 -1 0 0 0 1 0 0 0/0 21:13 2:39 5:46
Martin St. Louis 0 1 1 0 0 2 0 0 1 0 0/1 11:26 0:00 0:00
Matt Duchene 0 1 1 -1 2 2 1 0 0 0 17/30 20:38 4:53 1:16
Mike Komisarek 0 0 0 0 0 0 0 1 0 0 0/0 12:26 0:00 5:45
Mikko Koivu 0 0 0 -1 2 2 5 1 0 0 10/17 17:51 2:43 4:01
Patrick Kane 0 0 0 -1 0 4 2 0 0 0 0/1 17:18 2:43 5:24
Radko Gudas 0 0 0 -1 0 1 0 0 0 0 0/0 7:25 0:00 0:01
Ryan Whitney 0 0 0 -1 0 0 1 0 1 0 0/0 25:23 4:57 2:47
Taylor Hall 0 0 0 -1 0 3 0 1 0 0 0/0 18:01 2:55 0:00
Travis Hamonic 0 0 0 0 0 1 1 0 0 1 0/0 14:47 0:00 2:47
Tyler Cuma 0 0 0 -1 2 1 2 1 0 0 0/0 21:25 2:51 0:00
Players Stats for Jets
Player Name G A P +/- PIM S H SB GA TA FO MP PP MP PK MP
------------------------------------------------------------------------------------
Alexander Frolov 0 1 1 -1 0 3 3 0 0 1 0/0 19:14 3:45 4:15
Anton Volchenkov 1 0 1 2 0 1 0 2 1 0 0/0 17:20 0:12 4:44
Benoit Pouliot 0 2 2 3 2 1 2 0 0 0 0/1 19:50 4:48 1:08
Derek Roy 2 1 3 3 0 5 2 0 0 0 9/22 22:19 4:58 1:26
Derek Stepan 1 0 1 -1 0 5 2 0 0 0 11/17 15:55 3:35 0:00
Devin Setoguchi 0 1 1 -1 0 2 0 0 0 0 0/3 15:54 3:35 0:00
Dustin Brown 0 2 2 3 0 5 4 0 0 0 0/2 20:54 4:48 2:06
Eric Gelinas 1 0 1 0 0 2 1 1 0 0 0/0 18:54 3:00 1:29
Erik Haula 0 0 0 0 0 1 0 1 0 0 5/8 12:52 0:00 4:17
James Wright 0 0 0 0 0 2 1 0 0 0 1/6 7:44 0:00 0:00
Joe Colborne 0 0 0 0 0 3 1 0 0 0 2/4 11:16 0:00 1:26
Josh Bailey 0 0 0 0 0 1 0 0 0 0 0/0 7:44 0:00 0:00
Justin Falk 0 1 1 2 0 0 1 0 0 0 0/0 11:25 0:00 0:06
Lee Stempniak 0 0 0 0 0 1 0 0 0 0 0/0 4:02 0:00 0:00
Marco Scandella 0 0 0 0 4 1 0 0 0 0 0/0 25:59 5:32 3:54
Marcus Johansson 0 0 0 0 0 1 0 1 0 0 1/1 10:25 0:00 0:34
Shea Weber 0 0 0 0 2 0 2 0 1 2 0/0 24:49 2:58 2:25
Tyler Myers 0 0 0 0 4 3 2 0 0 1 0/0 22:34 5:33 2:34
3 Stars
1 - Derek Roy (Win)
2 - Dustin Brown (Win)
3 - Anton Volchenkov (Win)
Power Play
Devils - 1 on 6 Attempt(s) - 16.67%
Jets - 2 on 7 Attempt(s) - 28.57%
Penalty Kill
Devils - 5 on 7 Attempt(s) - 71.43%
- Score 0 goal in Penalty Kill
Jets - 5 on 6 Attempt(s) - 83.33%
- Score 0 goal in Penalty Kill
Team Stat
Devils - Hits : 21 - Faceoff Wins : 35 - Blocked Shots : 6 - Penalty Minutes : 14
Jets - Hits : 21 - Faceoff Wins : 29 - Blocked Shots : 5 - Penalty Minutes : 12
Official
Referees : Walkom Stephen and Dwyer Gord
Linesman : Brad Kovachik and Tony Sericolo
Game Notes
Lee Stempniak is injured at 2:37 of 2nd period (Sprained Left Ankle)
Finance
Level 1 -- Attendance: 5836 (97.27%) -- Ticket Income $455,208
Level 2 -- Attendance: 4452 (89.04%) -- Ticket Income $231,504
Level 3 -- Attendance: 2000 (100.00%) -- Ticket Income $58,000
Level 4 -- Attendance: 4000 (100.00%) -- Ticket Income $104,000
Luxury Box -- Attendance: 912 (91.20%) -- Ticket Income $145,920
Game was played at the MTS Center.
Total Attendance: 17200 (95.56%)
Total Ticket Income: $994,632
Other Income: $149,195
Total Income: $1,143,827
Devils
5 vs 5 Forward
Center Left Wing Right Wing Time % Phy DF OF
1 Matt Duchene Chris Kreider Jordan Eberle 40 0 2 3
2 Mikko Koivu Taylor Hall Patrick Kane 30 0 2 3
3 Erik Christensen Kellan Lain Martin St. Louis 20 0 2 3
4 Darroll Powe Taylor Hall Anthony Stewart 10 0 2 3
5 vs 5 Defense
Defense Defense Time % Phy DF OF
1 Ryan Whitney Tyler Cuma 40 1 2 2
2 Travis Hamonic Dmitry Kulikov 30 1 2 2
3 Kurt Sauer Radko Gudas 20 1 2 2
4 Mike Komisarek Kurt Sauer 10 1 2 2
PowerPlay Forward
Center Left Wing Right Wing Time % Phy DF OF
1 Matt Duchene Chris Kreider Jordan Eberle 60 0 2 3
2 Mikko Koivu Taylor Hall Patrick Kane 40 0 2 3
PowerPlay Defense
Defense Defense Time % Phy DF OF
1 Dmitry Kulikov Ryan Whitney 60 0 2 3
2 Tyler Cuma Kurt Sauer 40 0 2 3
Penalty Kill 4 Players Forward
Center Wing Time % Phy DF OF
1 Mikko Koivu Patrick Kane 60 1 2 2
2 Darroll Powe Jordan Eberle 40 1 2 2
Penalty Kill 4 Players Defense
Defense Defense Time % Phy DF OF
1 Mike Komisarek Kurt Sauer 60 1 2 2
2 Travis Hamonic Ryan Whitney 40 1 2 2
Penalty Kill - 3 Players Forward
Forward Time % Phy DF OF
1 Jordan Eberle 60 1 2 2
2 Patrick Kane 40 1 2 2
Penalty Kill - 3 Players Defense
Defense Defense Time % Phy DF OF
1 Mike Komisarek Kurt Sauer 60 1 2 2
2 Dmitry Kulikov Ryan Whitney 40 1 2 2
4 vs 4 Forward
Center Wing Time % Phy DF OF
1 Mikko Koivu Jordan Eberle 60 1 2 2
2 Matt Duchene Taylor Hall 40 1 2 2
4 vs 4 Defense
Defense Defense Time % Phy DF OF
1 Mike Komisarek Dmitry Kulikov 60 1 2 2
2 Tyler Cuma Ryan Whitney 40 1 2 2
Last Minutes Offensive
Center Left Wing Right Wing Defense Defense
Matt Duchene Taylor Hall Patrick Kane Tyler Cuma Kurt Sauer
Last Minutes Defensive
Center Left Wing Right Wing Defense Defense
Matt Duchene Taylor Hall Jordan Eberle Mike Komisarek Kurt Sauer
Goaltenders
Starting : James Reimer
Backup : Cam Ward
Extra Forwards
Normal : Jordan Eberle, Darroll Powe, Taylor Hall - PP : Jordan Eberle, Darroll Powe - PK : Erik Christensen
Extra Defensemen
Normal : Tyler Cuma, Mike Komisarek, Dmitry Kulikov - PP : Tyler Cuma - PK : Mike Komisarek, Dmitry Kulikov
Penalty Shots
Patrick Kane, Jordan Eberle, Mikko Koivu, Chris Kreider, Ryan Whitney
Scratches
Eric Fehr (Healthy), Kyle Cumiskey (Healthy), Steve Ott (Healthy), Brandon Bollig (Healthy)
Jets
5 vs 5 Forward
Center Left Wing Right Wing Time % Phy DF OF
1 Derek Roy Benoit Pouliot Dustin Brown 35 1 2 2
2 Derek Stepan Alexander Frolov Devin Setoguchi 30 1 2 2
3 Joe Colborne Marcus Johansson Lee Stempniak 23 0 3 2
4 James Wright Erik Haula Josh Bailey 12 1 2 2
5 vs 5 Defense
Defense Defense Time % Phy DF OF
1 Shea Weber Marco Scandella 40 1 3 1
2 Tyler Myers Eric Gelinas 30 1 2 2
3 Anton Volchenkov Justin Falk 25 1 2 2
4 Shea Weber Tyler Myers 5 1 2 2
PowerPlay Forward
Center Left Wing Right Wing Time % Phy DF OF
1 Derek Roy Benoit Pouliot Dustin Brown 60 1 0 4
2 Derek Stepan Alexander Frolov Devin Setoguchi 40 1 0 4
PowerPlay Defense
Defense Defense Time % Phy DF OF
1 Marco Scandella Tyler Myers 60 1 1 3
2 Eric Gelinas Shea Weber 40 0 1 4
Penalty Kill 4 Players Forward
Center Wing Time % Phy DF OF
1 Erik Haula Alexander Frolov 60 1 2 2
2 Joe Colborne Dustin Brown 40 1 2 2
Penalty Kill 4 Players Defense
Defense Defense Time % Phy DF OF
1 Tyler Myers Marco Scandella 60 1 2 2
2 Shea Weber Anton Volchenkov 40 1 2 2
Penalty Kill - 3 Players Forward
Forward Time % Phy DF OF
1 Erik Haula 60 1 2 2
2 Alexander Frolov 40 1 2 2
Penalty Kill - 3 Players Defense
Defense Defense Time % Phy DF OF
1 Shea Weber Tyler Myers 60 1 2 2
2 Marco Scandella Anton Volchenkov 40 1 2 2
4 vs 4 Forward
Center Wing Time % Phy DF OF
1 Derek Stepan Dustin Brown 60 1 2 2
2 Derek Roy Benoit Pouliot 40 1 2 2
4 vs 4 Defense
Defense Defense Time % Phy DF OF
1 Marco Scandella Tyler Myers 60 1 2 2
2 Shea Weber Eric Gelinas 40 1 2 2
Last Minutes Offensive
Center Left Wing Right Wing Defense Defense
Derek Roy Benoit Pouliot Dustin Brown Marco Scandella Shea Weber
Last Minutes Defensive
Center Left Wing Right Wing Defense Defense
Derek Roy Erik Haula Alexander Frolov Shea Weber Tyler Myers
Goaltenders
Starting : Kari Lehtonen
Backup : Jacob Markstrom
Extra Forwards
Normal : Derek Roy, Benoit Pouliot, Dustin Brown - PP : Derek Roy, Benoit Pouliot - PK : Dustin Brown
Extra Defensemen
Normal : Shea Weber, Tyler Myers, Marco Scandella - PP : Shea Weber - PK : Anton Volchenkov, Tyler Myers
Penalty Shots
Derek Roy, Benoit Pouliot, Dustin Brown, Derek Stepan, Erik Haula
Scratches
Fredrik Sjostrom (Healthy), Kevin Klein (Healthy), Michael Rupp (Healthy)
% Time on Ice - Devils
Lines # - Real PCT - Wanted PCT - Time Play
Normal Forward
1 - 34% - 40% - 13:47
2 - 23% - 30% - 9:28
3 - 28% - 20% - 11:26
4 - 15% - 10% - 6:02
Normal Defense
1 - 44% - 40% - 17:44
2 - 31% - 30% - 12:40
3 - 18% - 20% - 7:16
4 - 7% - 10% - 3:03
PP Forward
1 - 62% - 60% - 4:41
2 - 38% - 40% - 2:55
PP Defense
1 - 61% - 60% - 4:40
2 - 39% - 40% - 2:56
PK Forward
1 - 80% - 60% - 6:51
2 - 20% - 40% - 1:42
PK Defense
1 - 67% - 60% - 5:46
2 - 33% - 40% - 2:47
PK3 Forward
1 - 0% - 60%
2 - 0% - 40%
PK3 Defense
1 - 0% - 60%
2 - 0% - 40%
44 Forward
1 - 78% - 60% - 2:27
2 - 22% - 40% - 0:41
44 Defense
1 - 71% - 60% - 2:14
2 - 29% - 40% - 0:54
Last Minute Offensive - 0:00
Last Minute Defensive - 0:00
Total
Forward - 60:00
Defense - 60:00
|
% Time on Ice - Jets
Lines # - Real PCT - Wanted PCT - Time Play
Normal Forward
1 - 31% - 35% - 12:48
2 - 25% - 30% - 10:21
3 - 24% - 23% - 9:50
4 - 19% - 12% - 7:44
Normal Defense
1 - 39% - 40% - 15:55
2 - 32% - 30% - 13:05
3 - 25% - 25% - 10:22
4 - 3% - 5% - 1:21
PP Forward
1 - 58% - 60% - 4:58
2 - 42% - 40% - 3:35
PP Defense
1 - 65% - 60% - 5:33
2 - 35% - 40% - 3:00
PK Forward
1 - 79% - 60% - 5:59
2 - 21% - 40% - 1:37
PK Defense
1 - 86% - 60% - 6:31
2 - 14% - 40% - 1:05
PK3 Forward
1 - 0% - 60%
2 - 0% - 40%
PK3 Defense
1 - 0% - 60%
2 - 0% - 40%
44 Forward
1 - 77% - 60% - 2:25
2 - 23% - 40% - 0:43
44 Defense
1 - 69% - 60% - 2:10
2 - 31% - 40% - 0:58
Last Minute Offensive - 0:00
Last Minute Defensive - 0:00
Total
Forward - 60:00
Defense - 60:00
|
Play by Play
1st period
0:01 of 1st period - Derek Roy wins face-off versus Matt Duchene in neutral zone.
0:10 of 1st period - Snap shot by Benoit Pouliot.
0:10 of 1st period - Deflect By Dustin Brown.
0:10 of 1st period - Stopped by James Reimer with a rebound.
0:12 of 1st period - Minor Penalty to Matt Duchene for Goalie Interference.
0:13 of 1st period - Mikko Koivu wins face-off versus Derek Roy in Devils zone.
0:13 of 1st period - Mikko Koivu is hit by Dustin Brown.
0:49 of 1st period - Snap shot by Alexander Frolov.
0:49 of 1st period - Deflect By Derek Stepan.
0:49 of 1st period - Goal by Derek Stepan - Devils : 0 - Jets : 1.
0:50 of 1st period - Derek Stepan wins face-off versus Mikko Koivu in neutral zone.
1:17 of 1st period - Travis Hamonic is hit by Eric Gelinas and loses puck.
1:24 of 1st period - Slapshot by Chris Kreider.
1:24 of 1st period - Shot Blocked by Eric Gelinas.
2:10 of 1st period - Slapshot by Derek Roy.
2:10 of 1st period - Stopped by James Reimer with a rebound.
2:12 of 1st period - Slapshot by Eric Gelinas.
2:12 of 1st period - Shot Misses the Net.
2:14 of 1st period - Wrist shot by Benoit Pouliot.
2:14 of 1st period - Deflect By Dustin Brown.
2:14 of 1st period - Stopped by James Reimer without a rebound.
2:15 of 1st period - Derek Stepan wins face-off versus Matt Duchene in Devils zone.
2:32 of 1st period - Shea Weber is hit by Jordan Eberle and loses puck.
3:35 of 1st period - Wrist shot by Benoit Pouliot.
3:35 of 1st period - Shot Blocked by Tyler Cuma.
4:24 of 1st period - James Wright is hit by Matt Duchene and loses puck.
4:35 of 1st period - Martin St. Louis is hit by Justin Falk and loses puck.
5:49 of 1st period - Slapshot by Marco Scandella.
5:49 of 1st period - Deflect By Erik Haula.
5:49 of 1st period - Shot Misses the Net.
5:49 of 1st period - Puck is out of play.
5:50 of 1st period - Darroll Powe wins face-off versus James Wright in Devils zone.
5:50 of 1st period - Darroll Powe is hit by James Wright.
6:12 of 1st period - Wrist shot by Dustin Brown.
6:12 of 1st period - Stopped by James Reimer with a rebound.
6:36 of 1st period - Snap shot by Alexander Frolov.
6:36 of 1st period - Shot Misses the Net.
6:58 of 1st period - Snap shot by Lee Stempniak.
6:58 of 1st period - Stopped by James Reimer with a rebound.
7:16 of 1st period - Off-side.
7:17 of 1st period - Matt Duchene wins face-off versus James Wright in neutral zone.
7:20 of 1st period - Wrist shot by Jordan Eberle.
7:20 of 1st period - Stopped by Kari Lehtonen without a rebound.
7:21 of 1st period - Matt Duchene wins face-off versus Derek Roy in Jets zone.
7:26 of 1st period - Wrist shot by Jordan Eberle.
7:26 of 1st period - Stopped by Kari Lehtonen with a rebound.
7:57 of 1st period - Snap shot by Derek Stepan.
7:57 of 1st period - Stopped by James Reimer with a rebound.
7:59 of 1st period - Slapshot by Tyler Myers.
7:59 of 1st period - Shot Misses the Net.
8:30 of 1st period - Minor Penalty to Jordan Eberle for Interference.
8:31 of 1st period - Mikko Koivu wins face-off versus Dustin Brown in Devils zone.
8:51 of 1st period - Mikko Koivu is hit by Dustin Brown and loses puck.
9:06 of 1st period - Slapshot by Marco Scandella.
9:06 of 1st period - Stopped by James Reimer without a rebound.
9:07 of 1st period - Mikko Koivu wins face-off versus Devin Setoguchi in Devils zone.
9:39 of 1st period - Wrist shot by Dustin Brown.
9:39 of 1st period - Stopped by James Reimer with a rebound.
10:30 of 1st period - Penalty to Jordan Eberle is over, Jordan Eberle is back on ice.
10:38 of 1st period - Snap shot by Matt Duchene.
10:38 of 1st period - Stopped by Kari Lehtonen with a rebound.
10:44 of 1st period - Snap shot by Marcus Johansson.
10:44 of 1st period - Stopped by James Reimer with a rebound.
10:46 of 1st period - Snap shot by Marcus Johansson.
10:46 of 1st period - Shot Misses the Net.
10:53 of 1st period - Off-side.
10:54 of 1st period - Darroll Powe wins face-off versus James Wright in neutral zone.
11:51 of 1st period - Wrist shot by Benoit Pouliot.
11:51 of 1st period - Shot Misses the Net.
12:03 of 1st period - Shea Weber is hit by Jordan Eberle and loses puck.
12:08 of 1st period - Wrist shot by Matt Duchene.
12:08 of 1st period - Stopped by Kari Lehtonen with a rebound.
12:10 of 1st period - Slapshot by Chris Kreider.
12:10 of 1st period - Stopped by Kari Lehtonen without a rebound.
12:11 of 1st period - Matt Duchene wins face-off versus Derek Roy in Jets zone.
12:12 of 1st period - Slapshot by Chris Kreider.
12:12 of 1st period - Stopped by Kari Lehtonen with a rebound.
12:20 of 1st period - Slapshot by Jordan Eberle.
12:20 of 1st period - Stopped by Kari Lehtonen with a rebound.
12:45 of 1st period - Wrist shot by Derek Stepan.
12:45 of 1st period - Stopped by James Reimer without a rebound.
12:46 of 1st period - Matt Duchene wins face-off versus Devin Setoguchi in Devils zone.
12:46 of 1st period - Matt Duchene is hit by Derek Stepan.
12:56 of 1st period - Snap shot by Derek Stepan.
12:56 of 1st period - Stopped by James Reimer without a rebound.
12:57 of 1st period - Mikko Koivu wins face-off versus Derek Roy in Devils zone.
13:02 of 1st period - Snap shot by Taylor Hall.
13:02 of 1st period - Shot Misses the Net.
13:24 of 1st period - Ryan Whitney is hit by Shea Weber and loses puck.
13:51 of 1st period - Alexander Frolov is hit by Tyler Cuma and loses puck.
14:26 of 1st period - Radko Gudas is hit by Benoit Pouliot.
14:50 of 1st period - Wrist shot by Tyler Myers.
14:50 of 1st period - Shot Blocked by Taylor Hall.
15:02 of 1st period - Wrist shot by Marcus Johansson.
15:02 of 1st period - Shot Misses the Net.
15:26 of 1st period - Wrist shot by Patrick Kane.
15:26 of 1st period - Stopped by Kari Lehtonen with a rebound.
15:28 of 1st period - Wrist shot by Mikko Koivu.
15:28 of 1st period - Stopped by Kari Lehtonen with a rebound.
15:46 of 1st period - Minor Penalty to Marco Scandella for Unsportsmanlike conduct.
15:47 of 1st period - Erik Haula wins face-off versus Matt Duchene in Jets zone.
15:47 of 1st period - Erik Haula is hit by Jordan Eberle.
17:46 of 1st period - Penalty to Marco Scandella is over, Marco Scandella is back on ice.
17:57 of 1st period - Wrist shot by Martin St. Louis.
17:57 of 1st period - Shot Misses the Net.
18:00 of 1st period - Icing by Erik Haula.
18:01 of 1st period - Erik Haula wins face-off versus Martin St. Louis in Jets zone.
18:30 of 1st period - Slapshot by Alexander Frolov.
18:30 of 1st period - Stopped by James Reimer without a rebound.
18:31 of 1st period - Derek Roy wins face-off versus Mikko Koivu in Devils zone.
18:32 of 1st period - Slapshot by Benoit Pouliot.
18:32 of 1st period - Shot Misses the Net.
18:38 of 1st period - Dustin Brown is hit by Mikko Koivu and loses puck.
18:57 of 1st period - Ryan Whitney is hit by Shea Weber and loses puck.
19:18 of 1st period - Wrist shot by Derek Stepan.
19:18 of 1st period - Stopped by James Reimer with a rebound.
19:26 of 1st period - Tyler Myers is hit by Dmitry Kulikov and loses puck.
19:37 of 1st period - Shea Weber is hit by Mikko Koivu.
19:55 of 1st period - Snap shot by Erik Haula.
19:55 of 1st period - Deflect By Joe Colborne.
19:55 of 1st period - Shot Misses the Net.
19:55 of 1st period - Puck is out of play.
19:56 of 1st period - Jordan Eberle wins face-off versus Joe Colborne in Devils zone.
Goals for this period are 0 for Devils vs 1 for Jets.
Shots for this period are 9 for Devils vs 14 for Jets.
2nd period
0:01 of 2nd period - Derek Roy wins face-off versus Matt Duchene in neutral zone.
0:06 of 2nd period - Wrist shot by Derek Roy.
0:06 of 2nd period - Stopped by James Reimer without a rebound.
0:07 of 2nd period - Derek Roy wins face-off versus Matt Duchene in Devils zone.
0:10 of 2nd period - Snap shot by Dustin Brown.
0:10 of 2nd period - Stopped by James Reimer without a rebound.
0:11 of 2nd period - Matt Duchene wins face-off versus Dustin Brown in Devils zone.
0:36 of 2nd period - Marco Scandella is hit by Kellan Lain and loses puck.
1:34 of 2nd period - Wrist shot by Dustin Brown.
1:34 of 2nd period - Shot Misses the Net.
1:36 of 2nd period - Snap shot by Derek Roy.
1:36 of 2nd period - Shot Misses the Net.
1:38 of 2nd period - Slapshot by Anton Volchenkov.
1:38 of 2nd period - Goal by Anton Volchenkov - Devils : 0 - Jets : 2.
1:39 of 2nd period - Matt Duchene wins face-off versus Devin Setoguchi in neutral zone.
2:09 of 2nd period - Wrist shot by Taylor Hall.
2:09 of 2nd period - Stopped by Kari Lehtonen without a rebound.
2:10 of 2nd period - Joe Colborne wins face-off versus Mikko Koivu in Jets zone.
2:36 of 2nd period - Lee Stempniak is hit by Jordan Eberle and loses puck.
2:37 of 2nd period - Lee Stempniak from Jets is injured at 2:37 of 2nd period (Sprained Left Ankle).
2:38 of 2nd period - Derek Stepan wins face-off versus Matt Duchene in neutral zone.
3:12 of 2nd period - Slapshot by Patrick Kane.
3:12 of 2nd period - Shot Misses the Net.
3:44 of 2nd period - Slapshot by Ryan Whitney.
3:44 of 2nd period - Shot Misses the Net.
3:46 of 2nd period - Slapshot by Tyler Cuma.
3:46 of 2nd period - Shot Hit the Post.
3:50 of 2nd period - Wrist shot by Matt Duchene.
3:50 of 2nd period - Shot Misses the Net.
3:52 of 2nd period - Snap shot by Ryan Whitney.
3:52 of 2nd period - Deflect By Chris Kreider.
3:52 of 2nd period - Stopped by Kari Lehtonen without a rebound.
3:53 of 2nd period - Matt Duchene wins face-off versus Derek Roy in Jets zone.
3:56 of 2nd period - Slapshot by Chris Kreider.
3:56 of 2nd period - Deflect By Jordan Eberle.
3:56 of 2nd period - Stopped by Kari Lehtonen without a rebound.
3:57 of 2nd period - Matt Duchene wins face-off versus Derek Roy in Jets zone.
4:07 of 2nd period - Minor Penalty to Benoit Pouliot for Tripping.
4:08 of 2nd period - Matt Duchene wins face-off versus Erik Haula in Jets zone.
5:15 of 2nd period - Shea Weber is hit by Mikko Koivu and loses puck.
5:28 of 2nd period - Shea Weber is hit by Mikko Koivu and loses puck.
6:07 of 2nd period - Penalty to Benoit Pouliot is over, Benoit Pouliot is back on ice.
6:13 of 2nd period - Derek Stepan is hit by Dmitry Kulikov and loses puck.
8:40 of 2nd period - Slapshot by Eric Gelinas.
8:40 of 2nd period - Deflect By Josh Bailey.
8:40 of 2nd period - Shot Misses the Net.
8:40 of 2nd period - Puck is out of play.
8:41 of 2nd period - Erik Christensen wins face-off versus James Wright in Devils zone.
9:16 of 2nd period - Slapshot by James Wright.
9:16 of 2nd period - Shot Misses the Net.
9:18 of 2nd period - Slapshot by Tyler Myers.
9:18 of 2nd period - Shot Blocked by Kurt Sauer.
9:20 of 2nd period - Slapshot by Tyler Myers.
9:20 of 2nd period - Deflect By James Wright.
9:20 of 2nd period - Stopped by James Reimer with a rebound.
9:24 of 2nd period - Slapshot by James Wright.
9:24 of 2nd period - Stopped by James Reimer with a rebound.
9:26 of 2nd period - Snap shot by Erik Haula.
9:26 of 2nd period - Stopped by James Reimer with a rebound.
9:28 of 2nd period - Snap shot by Erik Haula.
9:28 of 2nd period - Shot Misses the Net.
9:30 of 2nd period - Slapshot by Eric Gelinas.
9:30 of 2nd period - Deflect By Patrick Kane.
9:30 of 2nd period - Stopped by James Reimer with a rebound.
9:32 of 2nd period - Snap shot by Tyler Myers.
9:32 of 2nd period - Stopped by James Reimer without a rebound.
9:33 of 2nd period - Derek Stepan wins face-off versus Matt Duchene in Devils zone.
10:22 of 2nd period - Wrist shot by Patrick Kane.
10:22 of 2nd period - Stopped by Kari Lehtonen without a rebound.
10:23 of 2nd period - Matt Duchene wins face-off versus Derek Roy in Jets zone.
10:33 of 2nd period - Minor Penalty to Shea Weber for Hooking.
10:34 of 2nd period - Matt Duchene wins face-off versus Erik Haula in Jets zone.
10:45 of 2nd period - Minor Penalty to Dmitry Kulikov for Roughing.
10:46 of 2nd period - Mikko Koivu wins face-off versus Derek Stepan in Devils zone.
10:54 of 2nd period - Wrist shot by Derek Stepan.
10:54 of 2nd period - Shot Misses the Net.
12:33 of 2nd period - Penalty to Shea Weber is over, Shea Weber is back on ice.
12:45 of 2nd period - Penalty to Dmitry Kulikov is over, Dmitry Kulikov is back on ice.
13:14 of 2nd period - Snap shot by Matt Duchene.
13:14 of 2nd period - Shot Misses the Net.
13:26 of 2nd period - Slapshot by Josh Bailey.
13:26 of 2nd period - Stopped by James Reimer without a rebound.
13:27 of 2nd period - James Wright wins face-off versus Darroll Powe in Devils zone.
13:40 of 2nd period - Wrist shot by Taylor Hall.
13:40 of 2nd period - Deflect By Darroll Powe.
13:40 of 2nd period - Shot Misses the Net.
13:40 of 2nd period - Puck is out of play.
13:41 of 2nd period - Matt Duchene wins face-off versus Derek Stepan in Jets zone.
14:30 of 2nd period - Dmitry Kulikov is hit by Derek Roy and loses puck.
14:43 of 2nd period - Wrist shot by Mikko Koivu.
14:43 of 2nd period - Stopped by Kari Lehtonen with a rebound.
14:45 of 2nd period - Wrist shot by Taylor Hall.
14:45 of 2nd period - Stopped by Kari Lehtonen with a rebound.
14:47 of 2nd period - Snap shot by Patrick Kane.
14:47 of 2nd period - Stopped by Kari Lehtonen without a rebound.
14:48 of 2nd period - Matt Duchene wins face-off versus Derek Stepan in Jets zone.
15:17 of 2nd period - Slapshot by Tyler Cuma.
15:17 of 2nd period - Stopped by Kari Lehtonen with a rebound.
15:19 of 2nd period - Wrist shot by Erik Christensen.
15:19 of 2nd period - Shot Hit the Post.
15:31 of 2nd period - Wrist shot by Devin Setoguchi.
15:31 of 2nd period - Stopped by James Reimer without a rebound.
15:32 of 2nd period - Matt Duchene wins face-off versus James Wright in Devils zone.
16:02 of 2nd period - Wrist shot by Martin St. Louis.
16:02 of 2nd period - Stopped by Kari Lehtonen with a rebound.
16:06 of 2nd period - Snap shot by Martin St. Louis.
16:06 of 2nd period - Shot Misses the Net.
16:08 of 2nd period - Wrist shot by Martin St. Louis.
16:08 of 2nd period - Stopped by Kari Lehtonen with a rebound.
16:24 of 2nd period - Slapshot by Derek Roy.
16:24 of 2nd period - Shot Blocked by Mikko Koivu.
16:26 of 2nd period - Slapshot by Benoit Pouliot.
16:26 of 2nd period - Stopped by James Reimer with a rebound.
16:28 of 2nd period - Snap shot by Derek Roy.
16:28 of 2nd period - Goal by Derek Roy - Devils : 0 - Jets : 3.
16:29 of 2nd period - Derek Stepan wins face-off versus Chris Kreider in neutral zone.
16:42 of 2nd period - Minor Penalty to Chris Kreider for Tripping.
16:43 of 2nd period - Mikko Koivu wins face-off versus Benoit Pouliot in Devils zone.
18:20 of 2nd period - Derek Stepan is hit by Ryan Whitney and loses puck.
18:24 of 2nd period - Icing by Derek Stepan.
18:25 of 2nd period - Derek Stepan wins face-off versus Erik Christensen in Jets zone.
18:42 of 2nd period - Penalty to Chris Kreider is over, Chris Kreider is back on ice.
18:52 of 2nd period - Chris Kreider is hit by Joe Colborne and loses puck.
19:27 of 2nd period - Snap shot by Taylor Hall.
19:27 of 2nd period - Shot Misses the Net.
19:44 of 2nd period - Alexander Frolov is hit by Tyler Cuma and loses puck.
19:57 of 2nd period - Taylor Hall is hit by Benoit Pouliot.
Goals for this period are 0 for Devils vs 2 for Jets.
Shots for this period are 10 for Devils vs 12 for Jets.
3rd period
0:01 of 3rd period - Matt Duchene wins face-off versus Derek Roy in neutral zone.
0:35 of 3rd period - Slapshot by Joe Colborne.
0:35 of 3rd period - Stopped by James Reimer with a rebound.
0:37 of 3rd period - Slapshot by Devin Setoguchi.
0:37 of 3rd period - Stopped by James Reimer with a rebound.
0:55 of 3rd period - Patrick Kane is hit by Tyler Myers and loses puck.
1:37 of 3rd period - Slapshot by Derek Roy.
1:37 of 3rd period - Shot Blocked by Mike Komisarek.
1:39 of 3rd period - Wrist shot by Dustin Brown.
1:39 of 3rd period - Shot Misses the Net.
1:41 of 3rd period - Slapshot by Derek Roy.
1:41 of 3rd period - Shot Blocked by Darroll Powe.
2:13 of 3rd period - Erik Haula is hit by Erik Christensen and loses puck.
2:43 of 3rd period - Icing by Alexander Frolov.
2:44 of 3rd period - Erik Christensen wins face-off versus Derek Stepan in Jets zone.
2:49 of 3rd period - Wrist shot by Erik Christensen.
2:49 of 3rd period - Goal by Erik Christensen - Devils : 1 - Jets : 3.
2:50 of 3rd period - Derek Roy wins face-off versus Matt Duchene in neutral zone.
2:57 of 3rd period - Jordan Eberle is hit by Dustin Brown and loses puck.
3:02 of 3rd period - Wrist shot by Derek Roy.
3:02 of 3rd period - Goal by Derek Roy - Devils : 1 - Jets : 4.
3:03 of 3rd period - Derek Roy wins face-off versus Jordan Eberle in neutral zone.
3:10 of 3rd period - Wrist shot by Derek Roy.
3:10 of 3rd period - Shot Misses the Net.
3:30 of 3rd period - Derek Stepan is hit by Patrick Kane and loses puck.
3:41 of 3rd period - Travis Hamonic is hit by Derek Stepan and loses puck.
4:01 of 3rd period - Icing by Dmitry Kulikov.
4:02 of 3rd period - Joe Colborne wins face-off versus Erik Christensen in Devils zone.
4:07 of 3rd period - Wrist shot by Joe Colborne.
4:07 of 3rd period - Stopped by James Reimer without a rebound.
4:08 of 3rd period - Chris Kreider wins face-off versus Joe Colborne in Devils zone.
4:08 of 3rd period - Chris Kreider is hit by Derek Roy.
4:16 of 3rd period - Slapshot by Tyler Cuma.
4:16 of 3rd period - Shot Blocked by Marcus Johansson.
4:18 of 3rd period - Slapshot by Ryan Whitney.
4:18 of 3rd period - Deflect By Jordan Eberle.
4:18 of 3rd period - Shot Misses the Net.
4:18 of 3rd period - Puck is out of play.
4:19 of 3rd period - Matt Duchene wins face-off versus Derek Roy in Jets zone.
4:42 of 3rd period - Minor Penalty to Chris Kreider for Close Hand On Puck.
4:43 of 3rd period - Derek Roy wins face-off versus Mikko Koivu in Devils zone.
5:00 of 3rd period - Slapshot by Patrick Kane.
5:00 of 3rd period - Stopped by Kari Lehtonen without a rebound.
5:01 of 3rd period - Derek Stepan wins face-off versus Mikko Koivu in Jets zone.
5:08 of 3rd period - Slapshot by Tyler Myers.
5:08 of 3rd period - Stopped by James Reimer with a rebound.
5:10 of 3rd period - Wrist shot by Alexander Frolov.
5:10 of 3rd period - Stopped by James Reimer without a rebound.
5:11 of 3rd period - Mikko Koivu wins face-off versus Derek Stepan in Devils zone.
5:38 of 3rd period - Slapshot by Alexander Frolov.
5:38 of 3rd period - Stopped by James Reimer with a rebound.
5:40 of 3rd period - Slapshot by Tyler Myers.
5:40 of 3rd period - Stopped by James Reimer without a rebound.
5:41 of 3rd period - Mikko Koivu wins face-off versus Derek Roy in Devils zone.
5:41 of 3rd period - Mikko Koivu is hit by Dustin Brown.
5:51 of 3rd period - Snap shot by Eric Gelinas.
5:51 of 3rd period - Goal by Eric Gelinas - Devils : 1 - Jets : 5.
5:52 of 3rd period - Derek Stepan wins face-off versus Matt Duchene in neutral zone.
5:57 of 3rd period - Icing by Ryan Whitney.
5:58 of 3rd period - Derek Stepan wins face-off versus Matt Duchene in Devils zone.
6:23 of 3rd period - Snap shot by Derek Roy.
6:23 of 3rd period - Stopped by James Reimer with a rebound.
6:38 of 3rd period - Minor Penalty to Mikko Koivu for Roughing.
6:39 of 3rd period - Erik Christensen wins face-off versus Derek Roy in Devils zone.
7:34 of 3rd period - Icing by Dustin Brown.
7:35 of 3rd period - Erik Christensen wins face-off versus Derek Roy in Jets zone.
7:36 of 3rd period - Slapshot by Kellan Lain.
7:36 of 3rd period - Stopped by Kari Lehtonen with a rebound.
7:51 of 3rd period - Wrist shot by Devin Setoguchi.
7:51 of 3rd period - Shot Misses the Net.
8:25 of 3rd period - Kurt Sauer is hit by Alexander Frolov and loses puck.
8:38 of 3rd period - Penalty to Mikko Koivu is over, Mikko Koivu is back on ice.
8:56 of 3rd period - Snap shot by Darroll Powe.
8:56 of 3rd period - Deflect By Taylor Hall.
8:56 of 3rd period - Shot Misses the Net.
8:56 of 3rd period - Puck is out of play.
8:57 of 3rd period - Marcus Johansson wins face-off versus Erik Christensen in Jets zone.
9:04 of 3rd period - Justin Falk is hit by Kellan Lain and loses puck.
9:11 of 3rd period - Slapshot by Martin St. Louis.
9:11 of 3rd period - Shot Blocked by Anton Volchenkov.
9:13 of 3rd period - Wrist shot by Dmitry Kulikov.
9:13 of 3rd period - Stopped by Kari Lehtonen with a rebound.
9:23 of 3rd period - Erik Haula is hit by Travis Hamonic and loses puck.
10:30 of 3rd period - Mike Komisarek is hit by Tyler Myers and loses puck.
10:48 of 3rd period - Minor Penalty to Tyler Myers for Hooking.
10:49 of 3rd period - Erik Haula wins face-off versus Matt Duchene in Jets zone.
10:55 of 3rd period - Icing by Matt Duchene.
10:56 of 3rd period - Erik Haula wins face-off versus Matt Duchene in Devils zone.
12:48 of 3rd period - Penalty to Tyler Myers is over, Tyler Myers is back on ice.
13:22 of 3rd period - Snap shot by Travis Hamonic.
13:22 of 3rd period - Deflect By Derek Stepan.
13:22 of 3rd period - Stopped by Kari Lehtonen with a rebound.
13:24 of 3rd period - Slapshot by Radko Gudas.
13:24 of 3rd period - Stopped by Kari Lehtonen without a rebound.
13:25 of 3rd period - Derek Stepan wins face-off versus Darroll Powe in Jets zone.
13:27 of 3rd period - Minor Penalty to Tyler Myers for Cross-checking.
13:28 of 3rd period - Matt Duchene wins face-off versus Erik Haula in Jets zone.
13:30 of 3rd period - Slapshot by Chris Kreider.
13:30 of 3rd period - Shot Misses the Net.
13:32 of 3rd period - Snap shot by Jordan Eberle.
13:32 of 3rd period - Shot Misses the Net.
13:34 of 3rd period - Snap shot by Chris Kreider.
13:34 of 3rd period - Deflect By Alexander Frolov.
13:34 of 3rd period - Shot Blocked by Erik Haula.
13:34 of 3rd period - Puck is out of play.
13:35 of 3rd period - Erik Haula wins face-off versus Matt Duchene in Jets zone.
14:14 of 3rd period - Wrist shot by Jordan Eberle.
14:14 of 3rd period - Shot Misses the Net.
14:16 of 3rd period - Snap shot by Chris Kreider.
14:16 of 3rd period - Goal by Chris Kreider - Devils : 2 - Jets : 5.
14:17 of 3rd period - Derek Roy wins face-off versus Mikko Koivu in neutral zone.
14:44 of 3rd period - Jordan Eberle is hit by Alexander Frolov and loses puck.
15:27 of 3rd period - Snap shot by Darroll Powe.
15:27 of 3rd period - Stopped by Kari Lehtonen with a rebound.
15:43 of 3rd period - Snap shot by Joe Colborne.
15:43 of 3rd period - Stopped by James Reimer with a rebound.
15:57 of 3rd period - Derek Stepan is hit by Mikko Koivu and loses puck.
16:28 of 3rd period - Minor Penalty to Tyler Cuma for Hooking.
16:29 of 3rd period - Derek Roy wins face-off versus Patrick Kane in Devils zone.
17:06 of 3rd period - Minor Penalty to Marco Scandella for Interference.
17:07 of 3rd period - Mikko Koivu wins face-off versus Derek Stepan in Jets zone.
17:08 of 3rd period - Snap shot by Jordan Eberle.
17:08 of 3rd period - Stopped by Kari Lehtonen without a rebound.
17:09 of 3rd period - Derek Stepan wins face-off versus Mikko Koivu in Jets zone.
17:51 of 3rd period - Snap shot by Matt Duchene.
17:51 of 3rd period - Deflect By Taylor Hall.
17:51 of 3rd period - Stopped by Kari Lehtonen with a rebound.
17:53 of 3rd period - Snap shot by Dmitry Kulikov.
17:53 of 3rd period - Shot Blocked by Anton Volchenkov.
17:55 of 3rd period - Slapshot by Dmitry Kulikov.
17:55 of 3rd period - Stopped by Kari Lehtonen without a rebound.
17:56 of 3rd period - Mikko Koivu wins face-off versus Derek Roy in Jets zone.
18:28 of 3rd period - Penalty to Tyler Cuma is over, Tyler Cuma is back on ice.
18:51 of 3rd period - Kurt Sauer is hit by Alexander Frolov and loses puck.
19:06 of 3rd period - Penalty to Marco Scandella is over, Marco Scandella is back on ice.
19:39 of 3rd period - Dustin Brown is hit by Patrick Kane and loses puck.
Goals for this period are 2 for Devils vs 2 for Jets.
Shots for this period are 11 for Devils vs 11 for Jets.
Back to the Top